TOP OF THE 1ST |
Cedar Rapids Kernels batting - Pitching for Delmarva Shorebirds : RHP Brent Widder
|
Pitching: RHP Brent Widder
|
|
Batting: LHB Jim Pankratz
|
0-0: Swinging Strike 0-1: Foul Ball, location: 2F 0-2: Ball 1-2: Strikes out swinging
|
Batting: SHB Shohei Fujii
|
0-0: Ball 1-0: Called Strike 1-1: Called Strike 1-2: Ball 2-2: Foul Ball, location: 2F 2-2: Foul Ball, location: 2F 2-2: Fly out, F7 (Flyball, 7LS, EV 80.0 MPH)
|
Batting: RHB Matt Dunn
|
0-0: Ground out 4-3 (Groundball, 4, EV 89.4 MPH)
|
Top of the 1st over - 0 runs, 0 hits, 0 errors, 0 left on base; Cedar Rapids 0 - Delmarva 0 |
BOTTOM OF THE 1ST |
Delmarva Shorebirds batting - Pitching for Cedar Rapids Kernels : RHP Chad Casey
|
Pitching: RHP Chad Casey
|
|
Batting: RHB Michel Kamphuis
|
0-0: Ball 1-0: Ball 2-0: Ball 3-0: Called Strike 3-1: Base on Balls
|
Batting: RHB Francisco Viera
|
0-0: Ball 1-0: Called Strike 1-1: Ball 2-1: Ball 3-1: Foul Ball, location: 2F 3-2: Fly out, F9 (Flyball, 9, EV 86.3 MPH)
|
Batting: LHB Pat Shaddock
|
0-0: Called Strike 0-1: DOUBLE (Line Drive, 7LS, EV 105.0 MPH) Michel Kamphuis to third Runner from 3rd tries for Home, SAFE, throw by LF to trailing runner, SAFE at third!
|
Batting: LHB Raul Rojas
|
0-0: Ball 1-0: Called Strike 1-1: Called Strike 1-2: Hit by Pitch
|
Batting: LHB Andrew Erens
|
0-0: Ball 1-0: Fielders Choice at 2nd, 5-4 (Groundball, 56D, EV 108.1 MPH) Pat Shaddock scores
|
Batting: RHB Dan Staggs
|
0-0: Ball 1-0: Called Strike 1-1: Called Strike Andrew Erens steals 2nd, throwing error, E2 Andrew Erens to third 1-2: Foul Ball, location: 2F 1-2: Ball 2-2: Ball 3-2: Fly out, F7 (Flyball, 7, EV 88.8 MPH)
|
Bottom of the 1st over - 2 runs, 1 hit, 1 error, 1 left on base; Cedar Rapids 0 - Delmarva 2 |
TOP OF THE 2ND |
Cedar Rapids Kernels batting - Pitching for Delmarva Shorebirds : RHP Brent Widder
|
Batting: LHB Mike Handrahan
|
0-0: Swinging Strike 0-1: Foul Ball, location: 2F 0-2: Foul Ball, location: 2F 0-2: Ball 1-2: Strikes out swinging
|
Batting: RHB Mike Craver
|
0-0: Fly out, F8 (Line Drive, 8LM, EV 104.4 MPH)
|
Batting: RHB Jon Avila
|
0-0: Ball 1-0: Foul Ball, location: 2F 1-1: Called Strike 1-2: Ground out U3 (Groundball, 34, EV 83.8 MPH)
|
Top of the 2nd over - 0 runs, 0 hits, 0 errors, 0 left on base; Cedar Rapids 0 - Delmarva 2 |
BOTTOM OF THE 2ND |
Delmarva Shorebirds batting - Pitching for Cedar Rapids Kernels : RHP Chad Casey
|
Batting: SHB Ryan Palermo
|
0-0: Ground out 4-3 (Groundball, 4, EV 90.0 MPH)
|
Batting: LHB Momoru Yasui
|
0-0: Called Strike 0-1: Foul Ball, location: 2F 0-2: Ball 1-2: Foul Ball, location: 2F 1-2: Foul Ball, location: 2F 1-2: Strikes out swinging
|
Batting: RHB Julio Ehm
|
0-0: Called Strike 0-1: Swinging Strike 0-2: Foul Ball, location: 2F 0-2: Ground out 6-3 (Groundball, 6, EV 83.1 MPH)
|
Bottom of the 2nd over - 0 runs, 0 hits, 0 errors, 0 left on base; Cedar Rapids 0 - Delmarva 2 |
TOP OF THE 3RD |
Cedar Rapids Kernels batting - Pitching for Delmarva Shorebirds : RHP Brent Widder
|
Batting: SHB Roberto Camarena
|
0-0: Called Strike 0-1: DOUBLE (Line Drive, 7LD, EV 108.8 MPH)
|
Batting: SHB Duri Chilemba
|
0-0: Foul Ball, location: 2F 0-1: Ball 1-1: Ball 2-1: Ball 3-1: Swinging Strike 3-2: Base on Balls
|
Batting: RHB Orlando Blanco
|
0-0: Grounds into double play, 4-6-3 (Groundball, 4, EV 79.4 MPH) Roberto Camarena to third
|
Batting: LHB Jim Pankratz
|
0-0: Foul Ball, location: 2F 0-1: Ball 1-1: Called Strike 1-2: Ball 2-2: Ball 3-2: SINGLE (Line Drive, 78M, EV 103.8 MPH) Roberto Camarena scores
|
Batting: SHB Shohei Fujii
|
0-0: Ball 1-0: Ball 2-0: Swinging Strike 2-1: Called Strike 2-2: Fly out, F8 (Flyball, 8RS, EV 90.6 MPH)
|
Top of the 3rd over - 1 run, 2 hits, 0 errors, 1 left on base; Cedar Rapids 1 - Delmarva 2 |
BOTTOM OF THE 3RD |
Delmarva Shorebirds batting - Pitching for Cedar Rapids Kernels : RHP Chad Casey
|
Batting: RHB Michel Kamphuis
|
0-0: Ball 1-0: Foul Ball, location: 2F 1-1: Ground out 3-1 (Groundball, 34, EV 85.6 MPH)
|
Batting: RHB Francisco Viera
|
0-0: Called Strike 0-1: Hit by Pitch
|
Batting: LHB Pat Shaddock
|
0-0: Called Strike 0-1: Ball 1-1: Foul Ball, location: 2F 1-2: Foul Ball, location: 2F 1-2: Ball 2-2: Foul Ball, location: 2F 2-2: Hit by Pitch Francisco Viera to second
|
Batting: LHB Raul Rojas
|
0-0: Fly out, F9 (Flyball, 89D, EV 95.0 MPH)
|
Batting: LHB Andrew Erens
|
0-0: Ball 1-0: Swinging Strike 1-1: Ball 2-1: Foul Ball, location: 2F 2-2: Foul Ball, location: 2F 2-2: Foul Ball, location: 2F 2-2: Strikes out looking
|
Bottom of the 3rd over - 0 runs, 0 hits, 0 errors, 2 left on base; Cedar Rapids 1 - Delmarva 2 |
TOP OF THE 4TH |
Cedar Rapids Kernels batting - Pitching for Delmarva Shorebirds : RHP Brent Widder
|
Batting: RHB Matt Dunn
|
0-0: Called Strike 0-1: Swinging Strike 0-2: Strikes out looking
|
Batting: LHB Mike Handrahan
|
0-0: Called Strike 0-1: Ball 1-1: Called Strike 1-2: Ball 2-2: Ground out 1-3 (Groundball, 13S, EV 68.1 MPH)
|
Batting: RHB Mike Craver
|
0-0: Ground out U3 (Groundball, 34S, EV 84.4 MPH)
|
Top of the 4th over - 0 runs, 0 hits, 0 errors, 0 left on base; Cedar Rapids 1 - Delmarva 2 |
BOTTOM OF THE 4TH |
Delmarva Shorebirds batting - Pitching for Cedar Rapids Kernels : RHP Chad Casey
|
Batting: RHB Dan Staggs
|
0-0: Called Strike 0-1: Ball 1-1: Ball 2-1: Ball 3-1: Base on Balls
|
Batting: SHB Ryan Palermo
|
0-0: Called Strike 0-1: Ball 1-1: Called Strike 1-2: Fly out, F8 (Flyball, 8RD, EV 105.6 MPH)
|
Batting: LHB Momoru Yasui
|
0-0: Foul Ball, location: 2F 0-1: Ball 1-1: Swinging Strike 1-2: Ball 2-2: Ball 3-2: Strikes out swinging
|
Batting: RHB Julio Ehm
|
0-0: Ball 1-0: DOUBLE (Line Drive, 9LS, EV 88.1 MPH) Dan Staggs to third
|
Batting: RHB Michel Kamphuis
|
0-0: Called Strike 0-1: Ball 1-1: Ball 2-1: Swinging Strike 2-2: Ball 3-2: Base on Balls
|
Pitching: RHP Edwin Sanchez
|
|
Batting: RHB Francisco Viera
|
0-0: Ball 1-0: Ball 2-0: Called Strike 2-1: Fly out, F5 (Line Drive, 5, EV 66.3 MPH)
|
Bottom of the 4th over - 0 runs, 1 hit, 0 errors, 3 left on base; Cedar Rapids 1 - Delmarva 2 |
TOP OF THE 5TH |
Cedar Rapids Kernels batting - Pitching for Delmarva Shorebirds : RHP Brent Widder
|
Batting: RHB Jon Avila
|
0-0: Ball 1-0: Ball 2-0: Ball 3-0: Called Strike 3-1: SINGLE (Groundball, 34D, EV 97.5 MPH)
|
Batting: SHB Roberto Camarena
|
0-0: Ball 1-0: Foul Ball, location: 2F 1-1: Called Strike 1-2: Foul Ball, location: 2F 1-2: Ball 2-2: Fielders Choice at 2nd, 6-4 (Groundball, 6, EV 97.5 MPH)
|
Batting: SHB Duri Chilemba
|
0-0: Ball 1-0: Ground out U3 (Groundball, 3, EV 106.9 MPH) Roberto Camarena to second
|
Batting: RHB Orlando Blanco
|
0-0: Ball 1-0: Swinging Strike 1-1: Foul Ball, location: 2F 1-2: Ground out 1-3 (Groundball, 15S, EV 71.9 MPH)
|
Top of the 5th over - 0 runs, 1 hit, 0 errors, 1 left on base; Cedar Rapids 1 - Delmarva 2 |
BOTTOM OF THE 5TH |
Delmarva Shorebirds batting - Pitching for Cedar Rapids Kernels : RHP Edwin Sanchez
|
Batting: LHB Pat Shaddock
|
0-0: Ball 1-0: Swinging Strike 1-1: Ball 2-1: Swinging Strike 2-2: Ball 3-2: Foul Ball, location: 2F 3-2: Foul Ball, location: 2F 3-2: Fly out, F9 (Flyball, 9, EV 91.3 MPH)
|
Batting: LHB Raul Rojas
|
0-0: SOLO HOME RUN (Flyball, 7D, EV 96.9 MPH), Distance : 377 ft
|
Batting: LHB Andrew Erens
|
0-0: Foul Ball, location: 2F 0-1: Fly out, F8 (Flyball, 89M, EV 87.5 MPH)
|
Batting: RHB Dan Staggs
|
0-0: Called Strike 0-1: Ball 1-1: Ball 2-1: Called Strike 2-2: Ball 3-2: Base on Balls
|
Batting: SHB Ryan Palermo
|
0-0: Ball 1-0: Foul Ball, location: 2F 1-1: Ball 2-1: Called Strike 2-2: Foul Ball, location: 2F 2-2: Ball 3-2: Ground out 6-3 (Groundball, 6, EV 86.3 MPH)
|
Bottom of the 5th over - 1 run, 1 hit, 0 errors, 1 left on base; Cedar Rapids 1 - Delmarva 3 |
TOP OF THE 6TH |
Cedar Rapids Kernels batting - Pitching for Delmarva Shorebirds : RHP Brent Widder
|
Batting: LHB Jim Pankratz
|
0-0: Called Strike 0-1: Ball 1-1: Foul Ball, location: 2F 1-2: Ball 2-2: Foul Ball, location: 2F 2-2: Ball 3-2: DOUBLE (Flyball, 89XD, EV 115.0 MPH)
|
Batting: SHB Shohei Fujii
|
0-0: Ball Jim Pankratz steals 3rd base 1-0: Ball 2-0: Swinging Strike 2-1: Foul Ball, location: 2F 2-2: Ball 3-2: Strikes out swinging
|
Pitching: LHP Eric Bice
|
|
Batting: RHB Matt Dunn
|
0-0: Ball Wild Pitch! Jim Pankratz scores 1-0: Ball 2-0: Called Strike 2-1: Ball 3-1: Called Strike 3-2: Strikes out swinging
|
Batting: LHB Mike Handrahan
|
0-0: Foul Ball, location: 2F 0-1: Ground out U3 (Groundball, 3, EV 80.0 MPH)
|
Top of the 6th over - 1 run, 1 hit, 0 errors, 0 left on base; Cedar Rapids 2 - Delmarva 3 |
BOTTOM OF THE 6TH |
Delmarva Shorebirds batting - Pitching for Cedar Rapids Kernels : RHP Edwin Sanchez
|
Batting: LHB Momoru Yasui
|
0-0: Foul Ball, location: 2F 0-1: Foul Ball, location: 2F 0-2: Strikes out swinging
|
Pitching: RHP Bruce Wight
|
|
Batting: RHB Julio Ehm
|
0-0: Called Strike 0-1: Ball 1-1: Fly out, F9 (Flyball, 9LS, EV 88.1 MPH)
|
Batting: RHB Michel Kamphuis
|
0-0: Ball 1-0: Called Strike 1-1: Foul Ball, location: 2F 1-2: Ball 2-2: Ball 3-2: Strikes out swinging
|
Bottom of the 6th over - 0 runs, 0 hits, 0 errors, 0 left on base; Cedar Rapids 2 - Delmarva 3 |
TOP OF THE 7TH |
Cedar Rapids Kernels batting - Pitching for Delmarva Shorebirds : LHP Eric Bice
|
Batting: RHB Mike Craver
|
0-0: Reached on error, E4 (Groundball, 4, EV 100.0 MPH)
|
Batting: RHB Jon Avila
|
0-0: Ground out 6-3 (Groundball, 6, EV 81.9 MPH) Mike Craver to third
|
Batting: SHB Roberto Camarena
|
0-0: Called Strike 0-1: Called Strike 0-2: Ball 1-2: Ball 2-2: Strikes out swinging
|
Batting: SHB Duri Chilemba
|
0-0: Ball 1-0: Called Strike 1-1: Foul Ball, location: 2F 1-2: Strikes out swinging
|
Top of the 7th over - 0 runs, 0 hits, 1 error, 1 left on base; Cedar Rapids 2 - Delmarva 3 |
BOTTOM OF THE 7TH |
Delmarva Shorebirds batting - Pitching for Cedar Rapids Kernels : RHP Bruce Wight
|
Batting: RHB Francisco Viera
|
0-0: Called Strike 0-1: Foul Ball, location: 2F 0-2: Strikes out swinging
|
Batting: LHB Pat Shaddock
|
0-0: Called Strike 0-1: Swinging Strike 0-2: Strikes out swinging
|
Batting: LHB Raul Rojas
|
0-0: SOLO HOME RUN (Flyball, 89XD, EV 108.8 MPH), Distance : 395 ft
|
Batting: LHB Andrew Erens
|
0-0: Called Strike 0-1: Ball 1-1: Called Strike 1-2: Ball 2-2: Ball 3-2: Base on Balls
|
Batting: RHB Dan Staggs
|
0-0: Ball 1-0: Called Strike 1-1: Ball 2-1: Fielders Choice at 2nd, 5-4 (Groundball, 56, EV 86.3 MPH)
|
Bottom of the 7th over - 1 run, 1 hit, 0 errors, 1 left on base; Cedar Rapids 2 - Delmarva 4 |
TOP OF THE 8TH |
Cedar Rapids Kernels batting - Pitching for Delmarva Shorebirds : LHP Eric Bice
|
Batting: RHB Orlando Blanco
|
0-0: Called Strike 0-1: Ball 1-1: SINGLE (Groundball, 4MD, EV 101.9 MPH)
|
Batting: LHB Jim Pankratz
|
0-0: Foul Ball, location: 2F 0-1: Foul Ball, location: 2F 0-2: Ball 1-2: Foul Ball, location: 2F 1-2: SINGLE (Groundball, 34D, EV 94.4 MPH) Orlando Blanco to second
|
Batting: SHB Shohei Fujii
|
0-0: TRIPLE (Flyball, 78XD, EV 96.3 MPH) Orlando Blanco scores Jim Pankratz scores
|
Batting: RHB Matt Dunn
|
0-0: Intentional Walk
|
Batting: RHB Brian Gustus
|
0-0: Called Strike 0-1: Ball 1-1: Ball 2-1: Foul Ball, location: 2F 2-2: Foul Ball, location: 2F 2-2: Foul Ball, location: 2F 2-2: Ball 3-2: Foul Ball, location: 2F 3-2: Strikes out swinging
|
Batting: RHB Mike Craver
|
0-0: Called Strike Matt Dunn steals 2nd, throwing error, E2 Shohei Fujii scores Matt Dunn to third 0-1: Ball Wild Pitch! Matt Dunn scores 1-1: Ball 2-1: SINGLE (Line Drive, 9S, EV 97.5 MPH)
|
Pitching: RHP Nick Hoag
|
|
Batting: RHB Jon Avila
|
0-0: Called Strike Mike Craver steals 2nd base 0-1: Ball 1-1: Called Strike 1-2: Fly out, F5 (Line Drive, 5, EV 75.6 MPH)
|
Batting: SHB Roberto Camarena
|
0-0: Called Strike 0-1: Swinging Strike 0-2: Ball 1-2: Ball 2-2: Ball 3-2: Base on Balls
|
Batting: SHB Duri Chilemba
|
0-0: Ball Mike Craver steals 3rd base 1-0: DOUBLE (Groundball, 3L, EV 106.3 MPH) Mike Craver scores Roberto Camarena to third
|
Pinch Hitting: LHB Christiaan Smits
|
0-0: Ball 1-0: Fly out, F9 (Flyball, 9D, EV 105.6 MPH)
|
Top of the 8th over - 5 runs, 5 hits, 1 error, 2 left on base; Cedar Rapids 7 - Delmarva 4 |
BOTTOM OF THE 8TH |
Delmarva Shorebirds batting - Pitching for Cedar Rapids Kernels : RHP Bruce Wight
|
Pitching: LHP Mark Challinor
|
|
Now at 2B: Duri Chilemba
|
|
Now at 3B: Christiaan Smits
|
|
Batting: SHB Ryan Palermo
|
0-0: Called Strike 0-1: Swinging Strike 0-2: Strikes out swinging
|
Batting: LHB Momoru Yasui
|
0-0: Called Strike 0-1: Swinging Strike 0-2: Ball 1-2: Strikes out swinging
|
Batting: RHB Julio Ehm
|
0-0: Called Strike 0-1: Ball 1-1: Foul Ball, location: 2F 1-2: Ball 2-2: Ball 3-2: Base on Balls
|
Batting: RHB Michel Kamphuis
|
0-0: Ball 1-0: Ground out U3 (Groundball, 3, EV 84.4 MPH)
|
Bottom of the 8th over - 0 runs, 0 hits, 0 errors, 1 left on base; Cedar Rapids 7 - Delmarva 4 |
TOP OF THE 9TH |
Cedar Rapids Kernels batting - Pitching for Delmarva Shorebirds : RHP Nick Hoag
|
Pitching: LHP Mark Gehring
|
|
Batting: LHB Jim Pankratz
|
0-0: Ball 1-0: Foul Ball, location: 2F 1-1: Foul Ball, location: 2F 1-2: Ball 2-2: Foul Ball, location: 2F 2-2: Ball 3-2: SINGLE (Groundball, 4MD, EV 106.9 MPH)
|
Batting: SHB Shohei Fujii
|
0-0: Called Strike 0-1: Ball 1-1: Ball 2-1: Fielders Choice at 2nd, 6-4 (Groundball, 56, EV 105.6 MPH)
|
Batting: RHB Matt Dunn
|
0-0: Ball 1-0: Ball 2-0: Ball 3-0: Called Strike 3-1: Called Strike 3-2: Strikes out swinging
|
Batting: RHB Brian Gustus
|
0-0: Ball 1-0: Called Strike 1-1: Called Strike 1-2: Ground out 5-3 (Groundball, 56S, EV 81.9 MPH)
|
Top of the 9th over - 0 runs, 1 hit, 0 errors, 1 left on base; Cedar Rapids 7 - Delmarva 4 |
BOTTOM OF THE 9TH |
Delmarva Shorebirds batting - Pitching for Cedar Rapids Kernels : LHP Mark Challinor
|
Pitching: RHP Steven Legge
|
|
Batting: RHB Francisco Viera
|
0-0: Foul Ball, location: 2F 0-1: Called Strike 0-2: Strikes out swinging
|
Batting: LHB Pat Shaddock
|
0-0: Fly out, F8 (Flyball, 8RS, EV 94.4 MPH)
|
Batting: LHB Raul Rojas
|
0-0: Ball 1-0: Ball 2-0: Foul Ball, location: 2F 2-1: Ground out 2-3 (Groundball, 2L, EV 74.4 MPH)
|
Bottom of the 9th over - 0 runs, 0 hits, 0 errors, 0 left on base; Cedar Rapids 7 - Delmarva 4 |
|